 Dungeon Crawl Stone Soup version 0.29-a0-617-g7a6b98fccd (console) character file.

Game seed: 3523203762467779860

3945 petzl the Sneak (level 10, 0/76 HPs)
             Began as a Formicid Arcane Marksman on June 17, 2022.
             Was an Initiate of Vehumet.
             Slain by a wyvern (15 damage)
             ... on level 9 of the Dungeon on June 18, 2022.
             The game lasted 01:09:27 (15494 turns).

petzl the Sneak (Formicid Arcane Marksman)         Turns: 15494, Time: 01:09:28

Health: 0/76       AC:  5    Str: 15    XL:     10   Next: 44%
Magic:  19/19      EV: 13    Int: 17    God:    Vehumet [......]
Gold:   468        SH:  5    Dex: 14    Spells: 7/21 levels left

rFire   + . .      SeeInvis +   b - +0 dagger (venom) {!f =f}
rCold   + + .      Faith    .   (no shield)
rNeg    . . .      Spirit   .   p - +0 leather armour
rPois   .          Reflect  +   (helmet unavailable)
rElec   .          Harm     .   x - scarf {rC+ rF+}
rCorr   .          Rampage  .   h - +1 pair of gloves
Will    ++...                   (no boots)
Stlth   +++.......              A - amulet of reflection
HPRegen 0.22/turn               i - ring of willpower
MPRegen 0.16/turn               K - ring of protection from cold

@: no status effects
A: permanent stasis, dig shafts and tunnels, antennae 3, four strong arms
a: Dig, Shaft Self, Renounce Religion


You were on level 9 of the Dungeon.
You worshipped Vehumet.
Vehumet was noncommittal.
You visited 2 branches of the dungeon, and saw 16 of its levels.

You collected 468 gold pieces.

Inventory:

Hand Weapons
 a - a +3 hand crossbow of freezing
 b - a +0 dagger of venom (weapon) {!f =f}
 c - a +3 vorpal scimitar
 e - a +0 flail of holy wrath
 f - a +0 hand crossbow of flaming
 r - a +0 double sword
 I - a +1 short sword of speed
Missiles
 j - 10 poisoned darts (quivered)
 H - a curare-tipped dart
Armour
 h - a +1 pair of gloves (worn)
 l - the +0 robe of the Hills {+Blink rElec rC- rN++}
   (You found it on level 5 of the Dungeon)

   rC:        It makes you vulnerable to cold.
   rElec:     It insulates you from electricity.
   rN:        It greatly protects you from negative energy.
   +Blink:    It lets you blink.
 p - a +0 leather armour (worn)
 x - a scarf of resistance (worn)
 N - a +0 cloak
Jewellery
 i - a ring of willpower (left hand)
 w - an amulet of faith
 A - an amulet of reflection (around neck)
 K - a ring of protection from cold (right hand)
 L - a ring of positive energy
 P - a ring of protection from fire
Wands
 C - a wand of flame (3)
Scrolls
 d - 3 scrolls of poison
 g - a scroll of torment {unknown}
 q - 4 scrolls of amnesia
 s - a scroll of immolation {unknown}
 v - a scroll of silence {unknown}
 D - a scroll of summoning
 G - a scroll of fear
 J - a scroll of fog
Potions
 k - 3 potions of brilliance
 m - a potion of resistance
 n - a potion of magic
 o - a potion of cancellation {unknown}
 t - 2 potions of attraction {unknown}
 z - 2 potions of lignification {unknown}
 B - 2 potions of ambrosia {unknown}
 E - 2 potions of haste {unknown}
 F - a potion of flight {unknown}
 M - a potion of mutation {unknown}
 O - 2 potions of heal wounds {unknown}


   Skills:
 + Level 5.9 Fighting
 - Level 4.0 Crossbows
 - Level 4.0 Armour
 - Level 4.0 Dodging
 * Level 7.7 Stealth
 + Level 6.3 Spellcasting
 * Level 4.6 Conjurations
 - Level 3.6 Hexes
 + Level 2.4 Necromancy
 + Level 2.4 Ice Magic
 + Level 1.7 Air Magic
 - Level 3.0 Evocations


You had 7 spell levels left.
You knew the following spells:

 Your Spells              Type           Power      Damage    Failure   Level
a - Slow                  Hex            68%        N/A       3%          1
b - Dazzling Flash        Conj/Hex       38%        N/A       9%          3
c - Lightning Bolt        Conj/Air       8%         1d20      75%         5
u - Sublimation of Blood  Necr           13%        N/A       9%          2
A - Ozocubu's Armour      Ice            13%        N/A       16%         3

Your spell library contained the following spells:

 Spells                   Type           Power      Damage    Failure   Level
 Ensorcelled Hibernation  Hex/Ice        30%        N/A       7%          2
 Wereblood                Tmut           5%         N/A       22%         2
 Inner Flame              Hex/Fire       11%        N/A       22%         3
 Portal Projectile        Hex/Tloc       22%        N/A       22%         3
 Fulminant Prism          Conj/Hex       9%         3d7       26%         4
 Cause Fear               Hex            8%         N/A       34%         4
 Spider Form              Tmut/Pois      5%         N/A       41%         3
 Anguish                  Hex/Necr       7%         N/A       41%         4
 Iskenderun's Mystic Bla  Conj/Tloc      13%        2d5       50%         4
 Airstrike                Air            5%         N/A       58%         4
 Summon Lightning Spire   Summ/Air       8%         N/A       71%         4
 Metabolic Englaciation   Hex/Ice        7%         N/A       77%         5
 Silence                  Hex/Air        7%         N/A       80%         5
 Agony                    Necr           13%        N/A       83%         5
 Lee's Rapid Deconstruct  Erth           2%         3d6*      99%         5
 Simulacrum               Ice/Necr       6%         N/A       100%        6
 Dragon Form              Tmut           2%         N/A       100%        7
 Summon Hydra             Summ           2%         N/A       100%        7
 Borgnjor's Revivificati  Necr           6%         N/A       100%        8
 Necromutation            Tmut/Necr      4%         N/A       100%        8
 Death's Door             Necr           6%         N/A       100%        9
 Dragon's Call            Summ           2%         N/A       100%        9


Dungeon Overview and Level Annotations

Branches:
Dungeon (15/15)            Temple (1/1) D:5
   Lair: D:8-11         Orc: D:9-12      Vaults: D:13-14     Depths: D:15

Altars:
Dithmenos
Kikubaaqudgha
Makhleb
Okawaru
Qazlal
Ru
Sif Muna
Trog
Vehumet
Wu Jian
Yredelemnul
The Shining One

Shops:
D:2 (

Annotations:
D:6 exclusion: downstairs
D:7 exclusion: downstairs
D:8 exclusion: downstairs
D:9 Maggie
D:10 exclusions: shadow, troll and vampire mosquito
D:11 exclusions: downstairs, sensed monster (detected), simulacrum and two-headed ogre
D:12 Fannar
D:13 exclusion: guardian serpent
D:14 exclusions: boulder beetle and upstairs


Innate Abilities, Weirdness & Mutations

You cannot be hasted, slowed, berserked, paralysed or teleported.
You can dig through walls and to a lower floor.
You have a pair of large antennae on your head. (SInv)
Your four strong arms can wield two-handed weapons with a shield.


Message History

The wyvern hisses angrily.
Casting: Slow (safe; 3% risk of failure)
Confirm with . or Enter, or press ? or * to list all spells.
Aiming: Slow (safe; 3% risk of failure)
Press: ? - help, Shift-Dir - straight line, f - wyvern
Aim: a wyvern (chance to affect: 56%)
The wyvern seems to slow down.
Your +0 dagger of venom {!f =f} stops dripping with poison.
Your +3 hand crossbow of freezing is covered in frost.
a - a +3 hand crossbow of freezing (weapon)
You shoot a bolt.
The bolt hits the wyvern but does no damage.
Your +3 hand crossbow of freezing stops glowing.
Your +0 dagger of venom {!f =f} begins to drip with poison!
b - a +0 dagger of venom (weapon)
{!f =f} The wyvern barely misses you.
You barely miss the wyvern. The wyvern closely misses you.
You barely miss the wyvern. You block the wyvern's attack.
You barely miss the wyvern. The wyvern bites you!
You hit the wyvern but do no damage.
The wyvern is poisoned.
The wyvern closely misses you.
You closely miss the wyvern.
The wyvern is lightly wounded.
The wyvern bites you!
You closely miss the wyvern.
The wyvern is lightly wounded.
The wyvern closely misses you.
You barely miss the wyvern.
The wyvern is moderately wounded.
The wyvern bites you!
You hit the wyvern.
The wyvern looks as sick as possible!
The wyvern is heavily wounded.
The wyvern bites you!
There is an open door here.
The wyvern attacks as you move away! The wyvern bites you!
* * * LOW HITPOINT WARNING * * *
Okay, then.
As you read the scroll of summoning, it crumbles to dust.
Wisps of shadow whirl around you... The wyvern closely misses you.
The wyvern attacks as you move away! The wyvern bites you!
You die...

######### ......... ..
.........
..######........
.............$..
................
................
.......[.#######
.........#.....# .
........h#.....#
#'#######+#####'##.....#
.......................#
............c.lh##.....#
............[Y@.##.....#
.......).).)..<.Y..Y...#
......##........Y......#
..... ###'#######...>.#
.... ..... #.....+ ...
#....... ####### ..
#........ . #........
+........ #.........


You could see a wyvern (very poisoned, slow, ally target), 4 friendly yaks, a
friendly centaur (summoned) and 2 friendly howler monkeys.

Vanquished Creatures
  A troll (D:10)
  A yak (D:10)
  A wyvern (D:10)
  2 humans (D:8)
  A vampire mosquito (D:14)
  A steam dragon (D:8)
  An acid dragon (D:8)
  2 water moccasins (D:6)
  3 orc warriors
  2 ice beasts
  A sky beast (D:7)
  2 centaurs
  2 kobold brigands (D:7)
  2 bullfrogs
  A gnoll sergeant (D:8)
  2 necrophages (D:6)
  A scorpion (D:5)
  7 wights
  A howler monkey (D:8)
  3 hounds
  A gnoll shaman (D:7)
  4 jellies
  4 orc priests
  Jessica (D:2)
  An iguana (D:6)
  10 orc wizards
  8 gnolls
  9 adders
  A shadow imp (D:7)
  2 worms
  4 dart slugs
  26 orcs
  8 ball pythons
  7 endoplasms
  5 giant cockroaches
  7 hobgoblins
  2 jackals (D:1)
  3 quokkas
  9 bats
  4 frilled lizards
  6 goblins
  17 kobolds
  5 rats
181 creatures vanquished.

Vanquished Creatures (others)
  20 plants (D:3)
20 creatures vanquished.

Grand Total: 201 creatures vanquished

Notes
Turn   | Place    | Note
-------+----------+-------------------------------------------
     0 | D:1      | petzl the Formicid Arcane Marksman began the quest for the
                  | Orb.
     0 | D:1      | Reached XP level 1. HP: 15/15 MP: 2/2
   345 | D:1      | Reached XP level 2. HP: 21/21 MP: 3/3
   636 | D:1      | Reached skill level 1 in Stealth
   649 | D:1      | Reached XP level 3. HP: 26/26 MP: 5/5
   980 | D:1      | Found a faded altar of an unknown god.
  1190 | D:2      | Reached skill level 1 in Armour
  1261 | D:2      | Reached XP level 4. HP: 29/33 MP: 6/6
  1555 | D:2      | Noticed Jessica
  1562 | D:2      | Killed Jessica
  1563 | D:2      | Reached skill level 2 in Stealth
  1651 | D:2      | Found Ruokkuch's Weapon Emporium.
  1841 | D:3      | Reached XP level 5. HP: 38/38 MP: 7/7
  1926 | D:3      | You fall into a shaft and drop 2 floors!
  1926 | D:5      | Entered Level 5 of the Dungeon
  2418 | D:5      | Reached XP level 6. HP: 25/43 MP: 9/9
  2595 | D:5      | Identified the +0 robe of the Hills {+Blink rElec rC- rN++}
  2598 | D:5      | Noticed an ice beast
  3288 | D:3      | Reached skill level 3 in Stealth
  3832 | D:3      | Reached XP level 7. HP: 51/52 MP: 11/11
  5471 | D:5      | Found a staircase to the Ecumenical Temple.
  5541 | Temple   | Entered the Ecumenical Temple
  5657 | Temple   | Became a worshipper of Vehumet
  5748 | D:5      | Noticed a troll
  5755 | D:5      | Found a burning altar of Makhleb.
  6536 | D:6      | Reached skill level 4 in Stealth
  6926 | D:6      | Reached XP level 8. HP: 47/60 MP: 13/13
  7776 | D:7      | Reached skill level 1 in Evocations
  8165 | D:7      | Learned a level 3 spell: Dazzling Flash
  8260 | D:6      | Reached skill level 5 in Stealth
  8326 | D:6      | Reached skill level 1 in Conjurations
  8326 | D:6      | Reached XP level 9. HP: 53/66 MP: 12/16
  8946 | D:7      | Reached skill level 5 in Spellcasting
 10388 | D:7      | Reached skill level 5 in Fighting
 10859 | D:7      | Learned a level 2 spell: Sublimation of Blood
 10863 | D:7      | Learned a level 3 spell: Ozocubu's Armour
 11002 | D:8      | Reached skill level 6 in Stealth
 11465 | D:8      | You fall into a shaft and drop 3 floors!
 11548 | D:11     | Learned a level 5 spell: Lightning Bolt
 11578 | D:11     | Noticed a two-headed ogre
 11586 | D:10     | Entered Level 10 of the Dungeon
 11588 | D:10     | Noticed a troll
 11732 | D:11     | You fall into a shaft and drop 1 floor!
 11893 | D:13     | Noticed a guardian serpent
 11953 | D:14     | Reached skill level 1 in Necromancy
 11953 | D:14     | Reached skill level 1 in Ice Magic
 12151 | D:15     | Entered Level 15 of the Dungeon
 12175 | D:14     | Noticed a boulder beetle
 12228 | D:14     | Noticed a manticore
 12414 | D:12     | Noticed Fannar
 12491 | D:11     | Noticed a two-headed ogre
 12693 | D:10     | Reached XP level 10. HP: 27/74 MP: 16/19
 13186 | D:8      | Noticed a cyclops
 13388 | D:7      | Reached skill level 1 in Air Magic
 13671 | D:8      | Reached skill level 7 in Stealth
 13725 | D:8      | Found an iron altar of Okawaru.
 14091 | D:8      | You fall into a shaft and drop 3 floors!
 14377 | D:11     | Noticed an unseen horror
 15335 | D:9      | Noticed Maggie
 15494 | D:9      | Slain by a wyvern

Illustrated notes

Levels and vault maps discovered:
D:1:      nagdon_arrival_double_spiral, layout_basic,
          shapermc_ecumenical_altar_acropolis, nrook_mini_backslash
D:2:      layout_loops_ring, serial_shops, shop,
          wander_ebering_terrifying_dragon_lair, uniq_jessica
D:3:      layout_basic, serial_park_tiny_2, chequers_serial_rivers_room_a,
          serial_bayou_lake_a
D:4:      layout_basic
D:5:      layout_gridville, mainiacjoe_overflow_alcove_4,
          minmay_temple_entry_ruins
D:6:      layout_rooms
D:7:      layout_rooms
D:8:      layout_loops_ring, okawaru_humans
D:9:      layout_stronghold, gammafunk_temple_overflow_pools, lair_entry_dummy,
          serial_shops, nicolae_shop_trees, uniq_maggie
D:10:     layout_rooms
D:11:     layout_irregular_city, orc_0_dummy,
          portal_ice_cave_entry_ice_simulacra, hex_large
D:12:     minmay_bloctagon_deflated, layout_loops_cross, water_boxes_lemuel,
          uniq_psyche, uniq_fannar
D:13:     layout_cross, nrook_guardian_serpent_double
D:14:     cheibrodos_elevator_heist, layout_basic, serial_park_tiny_pond,
          chequers_serial_rivers_micro_d, uniq_azrael
D:15:     hangedman_depths_entry_civil_slaughter, layout_gridville,
          nicolae_lava_and_water, uniq_agnes
Temple:   hc_temple_tempest_star

Skill      XL: |  1  2  3  4  5  6  7  8  9 10 |
---------------+-------------------------------+-----
Stealth        | 1 2 3 4 5 6 7 |  7.7
Dodging        | 2 3 4 |  4.0
Armour         | 1 2 3 4 |  4.0
Fighting       | 2 3 4 5 |  5.9
Spellcasting   | 2 3 4 6 |  6.3
Crossbows      | 3 4 |  4.0
Evocations     | 1 3 |  3.0
Conjurations   | 1 3 4 |  4.6
Necromancy     | 1 2 |  2.4
Ice Magic      | 1 2 |  2.4
Air Magic      | 1 |  1.7
Hexes          | |  3.6

Action                   |  1- 3 |  4- 6 |  7- 9 | 10-12 || total
-------------------------+-------+-------+-------+-------++-------
Melee: Dagger            |       |    90 |   296 |    64 ||   450
       Hand crossbow     |       |     1 |       |       ||     1
       Punch             |       |     1 |     5 |       ||     6
       Flail             |       |       |    46 |       ||    46
       Short sword       |       |       |    37 |       ||    37
       Scimitar          |       |       |     8 |     4 ||    12
 Fire: Hand crossbow     |    93 |   136 |   162 |    75 ||   466
Throw: Javelin           |       |       |     9 |       ||     9
       Dart              |       |       |     3 |     7 ||    10
 Cast: Slow              |     1 |    16 |    98 |    48 ||   163
       Dazzling Flash    |       |       |     7 |     1 ||     8
       Ozocubu's Armour  |       |       |     1 |       ||     1
 Abil: Dig               |       |     2 |     3 |     3 ||     8
       Shaft Self        |       |     1 |     1 |     1 ||     3
  Use: Scroll            |       |     1 |     9 |     6 ||    16
       Potion            |       |       |     6 |       ||     6
 Stab: Invisible         |       |       |     1 |       ||     1
Armor: Robe              |    14 |    11 |       |       ||    25
       Leather armour    |       |    15 |    51 |     8 ||    74
Dodge: Dodged            |    24 |    66 |   172 |    41 ||   303
Block: Other             |       |       |    13 |     9 ||    22
       Reflection        |       |       |     1 |     1 ||     2

Table legend: (Time is in decaauts)
 A = Elapsed time spent in this place.
 B = Non-inter-level travel time spent in this place.
 C = Inter-level travel time spent in this place.
 D = Time resting spent in this place.
 E = Time spent auto-exploring this place.
 F = Levels seen in this place.
 G = Mean time per level.
                   A        B        C        D        E       F      G
               +--------+--------+--------+--------+--------+-----+--------+
         Total |  15669 |  15075 |    594 |   5978 |   4047 |  16 |  979.3 |
       Dungeon |  15520 |  14958 |    562 |   5978 |   3949 |  15 | 1034.7 |
        Temple |    148 |    116 |     32 |      0 |     98 |   1 |  148.0 |
               +--------+--------+--------+--------+--------+-----+--------+

Top non-repeatable levels by time:
     D:6: 2447 daAuts
     D:7: 2250 daAuts
     D:4: 1835 daAuts
     D:5: 1823 daAuts
     D:8: 1620 daAuts
     D:3: 1367 daAuts
     D:1: 1060 daAuts
    D:10: 889 daAuts
     D:2: 816 daAuts
    D:11: 595 daAuts
    D:14: 340 daAuts
    D:12: 175 daAuts
  Temple: 148 daAuts
    D:15: 129 daAuts
     D:9: 122 daAuts
